 Dungeon Sprint DCSS version 0.28-a0-883-gc8d7bad45d (webtiles) character file.

Game seed: 12498304525682190645

674 mhtbhm the Basher (level 7, -3/72 HPs)
             Began as a Minotaur Fighter on Nov 21, 2021.
             Was an Initiate of Gozag.
             Slain by a boulder beetle (7 damage)
             ... in the Dungeon (Sprint IX: "|||||||||||||||||||||||||||||").
             The game lasted 00:01:15 (430 turns).

mhtbhm the Basher (Minotaur Fighter)                 Turns: 430, Time: 00:01:16

Health: -3/72      AC: 15    Str: 22    XL:     7   Next: 33%
Magic:  6/6        EV:  9    Int:  8    God:    Gozag
Gold:   450        SH:  0    Dex: 13    Spells: 6/6 levels left

rFire   . . .      SeeInvis .   a - +2 morningstar (vorpal)
rCold   . . .      Faith    .   c - +0 buckler
rNeg    . . .      Spirit   .   b - +1 chain mail
rPois   .          Reflect  .   (helmet restricted)
rElec   .          Harm     .   n - +0 cloak
rCorr   .          Rampage  .   (no gloves)
Will    .....      NoTele   +   m - +0 pair of boots
Stlth   ..........              (no amulet)
HPRegen 0.22/turn               o - +3 ring of dexterity
MPRegen 0.10/turn               p - +3 ring of intelligence

@: confused, mighty, invisible
A: horns 2, retaliatory headbutt
a: Renounce Religion, Potion Petition, Call Merchant, Bribe Branch


You were in the Dungeon.
You worshipped Gozag.
Gozag was aware of your devotion.
You visited 1 branch You collected 450 gold pieces.

Inventory:

Hand Weapons
 a - a +2 vorpal morningstar (weapon)
Armour
 b - a +1 chain mail (worn)
 c - a +0 buckler (worn)
 m - a +0 pair of boots (worn)
 n - a +0 cloak (worn)
Jewellery
 o - a +3 ring of dexterity (left hand)
 p - a +3 ring of intelligence (right hand)
Wands
 l - a wand of iceblast (10)
Scrolls
 j - 2 scrolls of blinking
 k - 2 scrolls of amnesia
Potions
 e - 3 potions of curing
 f - 2 potions of heal wounds
 g - a potion of haste
 h - 4 potions of magic


   Skills:
 + Level 10.2 Fighting
 + Level 10.6 Maces & Flails
 + Level 10.1 Armour
 + Level 2.3 Dodging
 + Level 9.5 Shields


You had 6 spell levels left.
You didn't know any spells.
Your spell library was empty.

Dungeon Overview and Level Annotations

Branches:
Dungeon (1/1)

Altars:
Cheibriados
Dithmenos
Elyvilon
Fedhas
Gozag
Hepliaklqana
Kikubaaqudgha
Makhleb
Nemelex Xobeh
Okawaru
Qazlal
Ru
Sif Muna
Trog
Uskayaw
Vehumet
Wu Jian
Xom
Yredelemnul
Zin
The Shining One
Beogh
Jiyva
Lugonu


Innate Abilities, Weirdness & Mutations

You have a pair of horns on your head.
You reflexively headbutt those who attack you in melee.


Message History

The golden eye blinks at you.
You are confused.
The tengu warrior hits you with a +0 great sword!
The tengu warrior pecks you but does no damage.
The tengu warrior claws you. The golden eye blinks at you.
You are more confused.
You bump into the unnaturally hard rock wall.
The golden eye changes into a water moccasin!
The boulder beetle closely misses you.
The tengu warrior hits you with a +0 great sword!
The tengu warrior pecks you but does no damage.
The tengu warrior claws you but does no damage.
Unknown command.
You barely miss the boulder beetle.
The boulder beetle is lightly wounded.
The tengu warrior closely misses you. The tengu warrior barely misses you.
The tengu warrior claws you. The boulder beetle closely misses you.
You puncture the boulder beetle!
You headbutt the boulder beetle, but do no damage.
The boulder beetle is moderately wounded.
The tengu warrior hits you with a +0 great sword!
The tengu warrior pecks you.
The tengu warrior claws you but does no damage.
The boulder beetle bites you but does no damage.
You bump into the unnaturally hard rock wall.
The tengu warrior hits you with a +0 great sword.
The tengu warrior pecks you.
The tengu warrior claws you but does no damage.
The boulder beetle bites you!
* * * LOW HITPOINT WARNING * * *
Unknown command.
You bump into the unnaturally hard rock wall.
The tengu warrior hits you with a +0 great sword!
* * * LOW HITPOINT WARNING * * *
The tengu warrior pecks you but does no damage.
The tengu warrior claws you but does no damage.
The boulder beetle bites you!
You die...
Your body crumbles into a pile of gold.

▓.▓
▓.▓
▓S▓
▓y▓
▓J▓
▓D▓
▓Q▓
▓@▓
$
▓B▓
$
▓.▓
$ $
▓.▓
$
▓.▓
$
▓.▓
▓)▓
$
▓.▓
$
▓.▓
$


You could see a boulder beetle, a five-headed hydra, a slime creature, a tengu
warrior, a water moccasin shaped shifter and a vampire mosquito.

Vanquished Creatures
  2 yaks (D)
  A vampire mosquito (D)
  An ogre (D)
  A scorpion (D)
  A killer bee (D)
  A wight (D)
  An iguana (D)
  A ball python (D)
  A goblin (D)
  A kobold (D)
  A quokka (D)
  A ball python skeleton (D)
  A ball python zombie (D)
  A frilled lizard (D)
  A rat (D)
16 creatures vanquished.

Notes
Turn   | Place    | Note
-------+----------+-------------------------------------------
     0 | D        | mhtbhm the Minotaur Fighter began the quest for the Orb.
     0 | D        | Reached XP level 1. HP: 19/19 MP: 0/0
   105 | D        | Noticed a scorpion
   105 | D        | Noticed an iguana
   105 | D        | Noticed an ogre
   110 | D        | Killed an ogre
   111 | D        | Reached skill level 5 in Maces & Flails
   111 | D        | Reached XP level 2. HP: 31/31 MP: 1/1
   111 | D        | Reached XP level 3. HP: 38/38 MP: 2/2
   111 | D        | Reached XP level 4. HP: 45/45 MP: 3/3
   119 | D        | Killed a scorpion
   120 | D        | Reached XP level 5. HP: 34/53 MP: 4/4
   125 | D        | Found a snail-covered altar of Cheibriados.
   125 | D        | Found a shadowy altar of Dithmenos.
   125 | D        | Found a white marble altar of Elyvilon.
   125 | D        | Found a blossoming altar of Fedhas.
   125 | D        | Found an opulent altar of Gozag.
   126 | D        | Found a hazy altar of Hepliaklqana.
   127 | D        | Found a viscous altar of Jiyva.
   128 | D        | Found an ancient bone altar of Kikubaaqudgha.
   129 | D        | Found a corrupted altar of Lugonu.
   130 | D        | Found a burning altar of Makhleb.
   131 | D        | Found a sparkling altar of Nemelex Xobeh.
   132 | D        | Found an iron altar of Okawaru.
   133 | D        | Found a stormy altar of Qazlal.
   134 | D        | Found a sacrificial altar of Ru.
   135 | D        | Found a shimmering blue altar of Sif Muna.
   136 | D        | Found a bloodstained altar of Trog.
   137 | D        | Found a hide-covered altar of Uskayaw.
   138 | D        | Found a radiant altar of Vehumet.
   139 | D        | Found an ornate altar of the Wu Jian Council.
   140 | D        | Found a shimmering altar of Xom.
   149 | D        | Became a worshipper of Gozag Ym Sagoz the Greedy
   158 | D        | Found a basalt altar of Yredelemnul.
   159 | D        | Found a glowing silver altar of Zin.
   160 | D        | Found a glowing golden altar of the Shining One.
   213 | D        | Noticed a yak
   213 | D        | Noticed a yak
   213 | D        | Noticed a vampire mosquito
   238 | D        | Killed a vampire mosquito
   239 | D        | Reached skill level 1 in Dodging
   239 | D        | Reached XP level 6. HP: 36/63 MP: 5/5
   242 | D        | Killed a yak
   247 | D        | Killed a yak
   248 | D        | Reached skill level 10 in Fighting
   248 | D        | Reached skill level 10 in Maces & Flails
   248 | D        | Reached skill level 10 in Armour
   248 | D        | Reached XP level 7. HP: 34/72 MP: 6/6
   421 | D        | Noticed a golden eye
   421 | D        | Noticed a vampire mosquito
   421 | D        | Noticed a slime creature
   421 | D        | Noticed a boulder beetle
   421 | D        | Noticed a five-headed hydra
   421 | D        | Noticed a tengu warrior
   426 | D        | a golden eye changed into a water moccasin
   430 | D        | Slain by a boulder beetle

Illustrated notes

Levels and vault maps discovered:
D:        linesprint [early_d, line_temple, items_1, d_10, items_2, lair_1,
          lair_end, items_3, orc_1, orc_end, items_4, d_15, swamp_1, shoals_1,
          snake_1, spider_1, d_20, vaults_1, items_5, swamp_end, shoals_end,
          snake_end, spider_end, vaults_end, d_27, items_6, zot_1, zot_end,
          crypt_end, forest_end, elf_end, slime_end, tomb_end, abyss_end,
          pan_hell_end]

Skill      XL: |  1  2  3  4  5  6 |
---------------+-------------------+-----
Fighting       | 6 7 9 10 | 10.2
Armour         | 6 7 9 10 | 10.1
Shields        | 6 7 8 9 |  9.5
Maces & Flails | 5 6 8 10 | 10.6
Dodging        | 1 2 |  2.3

Action                   |  1- 3 |  4- 6 |  7- 9 || total
-------------------------+-------+-------+-------++-------
Melee: Flail             |    17 |     8 |       ||    25
       Headbutt          |     1 |     5 |     2 ||     8
       Morningstar       |       |    30 |     4 ||    34
  Use: Potion            |     1 |     2 |     3 ||     6
Armor: Scale mail        |    12 |       |       ||    12
       Chain mail        |       |    15 |    12 ||    27
Dodge: Dodged            |       |    19 |     9 ||    28
Block: Buckler           |     2 |     8 |     1 ||    11

Table legend: (Time is in decaauts)
 A = Elapsed time spent in this place.
 B = Non-inter-level travel time spent in this place.
 C = Inter-level travel time spent in this place.
 D = Time resting spent in this place.
 E = Time spent auto-exploring this place.
 F = Levels seen in this place.
 G = Mean time per level.
                   A        B        C        D        E       F      G
               +--------+--------+--------+--------+--------+-----+--------+
         Total |    442 |    442 |      0 |    244 |      3 |   1 |  442.0 |
       Dungeon |    442 |    442 |      0 |    244 |      3 |   1 |  442.0 |
               +--------+--------+--------+--------+--------+-----+--------+

Top non-repeatable levels by time:
       D: 442 daAuts
